[Event "Live Chess"]
[Site "Chess.com"]
[Date "2024.06.02"]
[Round "-"]
[White "MaksymYurii"]
[Black "Tatarinov_Maxim"]
[Result "0-1"]
[WhiteElo "1001"]
[BlackElo "2269"]
[TimeControl "300"]
[EndTime "2:04:02 PDT"]
[Termination "Tatarinov_Maxim won by checkmate"]

1. e4 c5 2. Nf3 Nc6 3. Bc4 e6 4. O-O Nf6 5. e5 d5 6. exf6 dxc4 7. fxg7 Bxg7 8. d3 cxd3 9. cxd3 O-O 10. Nc3 b6 11.
Bg5 Qd7 12. Ne4 f5 13. Ng3 Bb7 14. Nh5 Bxb2 15. Bh6 Bxa1 16. Bxf8 Rxf8 17. Qxa1 Qf7 18. Ng3 Qf6 19. Qd1 Nd4 20. Nxd4 cxd4 21. Nh5 Qg5 22. Ng3 f4 23. Ne4 Bxe4 24. dxe4 f3 25. g3 Qg4 26.
Qd2 Rf6 27. e5 Rf7 28. Rc1 Kg7 29. Rc4 h6 30. Rxd4 Qh3 31. Rg4+ Qxg4 32. Kf1 Qc4+ 33. Ke1 Rc7 34. Kd1 Qf1+ 35. Qe1 Rc1+ 36. Kd2 Qxe1+ 37. Kd3 Rc3+ 38. Kd4 Qd2+ 39. Ke4 Qd3+ 40. Kf4 Qf5# 0-1

[Event "Live Chess"]
[Site "Chess.com"]
[Date "2024.06.02"]
[Round "-"]
[White "WorcesterYork"]
[Black "road2gm5000"]
[Result "1-0"]
[WhiteElo "2475"]
[BlackElo "1091"]
[TimeControl "300"]
[EndTime "2:04:05 PDT"]
[Termination "WorcesterYork won by resignation"]

1. e4 c6 2. c4 d5 3. cxd5 cxd5 4. exd5 Qxd5 5. Nc3 Qd8 6. Nf3 Nc6 7. d4 Bg4 8.
d5 Nb4 9. Qa4+ Qd7 10. Bb5 Nc6 11. dxc6 Qe6+ 12. Be3 Kd8 13. cxb7 Rb8 14. O-O-O+ Kc7 15. Qxa7 Bxf3 16. Bf4+ 1-0

[Event "Live Chess"]
[Site "Chess.com"]
[Date "2024.06.02"]
[Round "-"]
[White "booktrunk"]
[Black "vincents82"]
[Result "0-1"]
[WhiteElo "1509"]
[BlackElo "2004"]
[TimeControl "300"]
[EndTime "2:04:16 PDT"]
[Termination "vincents82 won by resignation"]

1. d4 d5 2. Nc3 Nf6 3. Bf4 c6 4. Nf3 Bf5 5. h3 e6 6. e3 Nbd7 7. g4 Be4 8. Nxe4 Nxe4 9. Nd2 Ndf6 10. Nxe4 Nxe4 11. f3 Qh4+ 12. Ke2 Qf2+ 13. Kd3 Nd6 14.
Qe2 Qh4 15. Bxd6 Bxd6 16. Qe1 Qd8 17. Bg2 Qb6 18. Rb1 Qa6+ 19. Kd2 Qxa2 20. Ke2 Qa6+ 21. Kf2 c5 22. Bf1 Qc6 23. dxc5 Qxc5 24. b4 Qxc2+ 25. Kg1 Rc8 26. Bb5+ Ke7 27. Kf1 a6 28. Rg1 axb5 29.
Rg2 Qc4+ 30. Kg1 Qc3 0-1

[Event "Live Chess"]
[Site "Chess.com"]
[Date "2024.06.02"]
[Round "-"]
[White "TheSmoulderingMaster"]
[Black "80Times"]
[Result "0-1"]
[WhiteElo "1774"]
[BlackElo "1892"]
[TimeControl "300"]
[EndTime "2:04:22 PDT"]
[Termination "80Times won by checkmate"]

1. e4 g6 2. d4 d6 3. Nc3 c6 4.
Nf3 Bg7 5. Bf4 Nd7 6. Qd2 h6 7.
O-O-O b5 8. e5 b4 9. Ne4 Qa5 10. Kb1 g5 11. Bg3 d5 12. Nc5 Nxc5 13. dxc5 Qxc5 14. h4 g4 15. Nd4 a5 16. e6 Bxe6 17.
Nxe6 fxe6 18. Qe2 Kd7 19. Be5 Bxe5 20. Qxe5 Nf6 21. Bd3 a4 22. Rhe1 Qd6 23. Qe3 a3 24. Bg6 Raf8 25. Qb6 Rhg8 26. h5 Ne8 27. Re4 Nc7 28.
Rxg4 Rb8 29. Qa7 Ra8 30. Qe3 axb2 31. Kxb2 Nb5 32. Re4 Nc3 33. Re5 Rxa2+ 34. Kb3 Rga8 35. Rdxd5 cxd5 36. Qxc3 R8a3# 0-1

[Event "Live Chess"]
[Site "Chess.com"]
[Date "2024.06.02"]
[Round "-"]
[White "upoe610"]
[Black "peteopeteo"]
[Result "1-0"]
[WhiteElo "2179"]
[BlackElo "1536"]
[TimeControl "300"]
[EndTime "2:04:32 PDT"]
[Termination "upoe610 won by resignation"]

1. c4 f5 2. g3 Nf6 3. Bg2 d6 4. Nc3 e6 5. Nf3 Be7 6. d4 O-O 7. O-O Nbd7 8. d5 e5 9. e4 fxe4 10.
Ng5 Nc5 11. b4 Nd3 12. Ngxe4 Nxb4 13. Nxf6+ Bxf6 14. Ne4 Na6 15. Be3 Bf5 16. Rb1 b6 17. Rc1 Bg6 18. Qa4 Nc5 19. Bxc5 bxc5 20. Rfe1 Qe8 21. Qxe8 Bxe8 22. Bh3 Rb8 23. Rb1 Bg6 24. Rb3 Bxe4 25. Rxe4 Rxb3 26. axb3 Rb8 27. Be6+ Kf8 28. Re3 Bg5 29. Rf3+ Bf6 30. g4 h6 31. h4 Ke8 32.
g5 hxg5 33. hxg5 Bxg5 34. Rf7 Bf6 35. Rxc7 Rxb3 36. Rxa7 Rb4 37. Bd7+ Kd8 38. Bb5 Rb1+ 39. Kg2 Rb2 40. Rd7+ Kc8 41. Rxd6 Rxb5 42. cxb5 e4 43. Rc6+ Kd7 44. Rxc5 Kd6 45. Rc6+ Ke5 46. b6 Kxd5 47.
Rxf6 gxf6 48. b7 1-0

[Event "Live Chess"]
[Site "Chess.com"]
[Date "2024.06.02"]
[Round "-"]
[White "Duke_of_Bebington"]
[Black "SergiiA"]
[Result "0-1"]
[WhiteElo "1653"]
[BlackElo "1548"]
[TimeControl "300"]
[EndTime "2:04:42 PDT"]
[Termination "SergiiA won by resignation"]

1. e4 c5 2. c3 d5 3. exd5 Qxd5 4. Nf3 a6 5. d4 Bg4 6. Be2 e6 7. Be3 Nf6 8. h3 Bh5 9. Qb3 Qxb3 10. axb3 cxd4 11.
Nxd4 Bxe2 12. Kxe2 Be7 13. Nd2 O-O 14. N2f3 Nbd7 15.
Rad1 Nc5 16. b4 Nce4 17. Ne5 Rfd8 18. Rd3 Rac8 19. Rhd1 Nd5 20. Ke1 Bf6 21. Ng4 Nxe3 22.
Nxe3 Kf8 23. Ng4 Ke7 24. f4 Rd7 25. Ne5 Bxe5 26. fxe5 Rcd8 27. Ke2 Rd5 28. c4 Rxe5 29. Nc6+ bxc6 30. Rxd8 Nc3+ 31. Kf3 Nxd1 32. Rxd1 c5 33. b5 axb5 34. cxb5 c4 35. Rc1 Rxb5 36. Rxc4 Rxb2 37.
Rc7+ Kf6 38. Rc3 Rb4 39. Re3 Kf5 40. g4+ Kf6 41. h4 h5 42. g5+ Kf5 43. Kg3 Rg4+ 44. Kh3 f6 45. gxf6 gxf6 46. Rc3 e5 47. Rc5 Kf4 48. Rc4+ e4 49. Rb4 f5 50. Rb3 e3 51.
Rb4+ Kf3 52. Rb1 Kf2 53. Rh1 e2 54. Rh2+ Ke3 55. Rh1 Kd2 56. Rh2 Kd1 57. Rh1+ e1=Q 58. Rxe1+ Kxe1 0-1

[Event "Live Chess"]
[Site "Chess.com"]
[Date "2024.06.02"]
[Round "-"]
[White "friarnator"]
[Black "TigerTank70"]
[Result "0-1"]
[WhiteElo "2183"]
[BlackElo "2229"]
[TimeControl "300"]
[EndTime "2:04:43 PDT"]
[Termination "TigerTank70 won by resignation"]

1. d4 d5 2. Nc3 Nf6 3. Bf4 e6 4. e3 Bd6 5. Bg3 b6 6. Nf3 Ba6 7. Bxa6 Nxa6 8. a3 O-O 9. Qd3 Qc8 10. Ne5 c5 11. O-O-O c4 12. Qe2 Nc7 13. Nc6 Qd7 14.
Bxd6 Qxd6 15. Ne5 b5 16. Nb1 b4 17. g4 bxa3 18. Nxa3 Rfb8 19. c3 Rb3 20. g5 Ne4 21. f3 Nxc3 22. Qc2 Nxd1 23. Rxd1 Rab8 24. Nxf7 Kxf7 25.
Qxh7 Ne8 26. g6+ Ke7 27. Qg8 Kd8 28. Nc2 Rxb2 29. Qf7 c3 0-1

[Event "Live Chess"]
[Site "Chess.com"]
[Date "2024.06.02"]
[Round "-"]
[White "Vladyslav2008"]
[Black "nitrofish07"]
[Result "1-0"]
[WhiteElo "2261"]
[BlackElo "2076"]
[TimeControl "300"]
[EndTime "2:04:58 PDT"]
[Termination "Vladyslav2008 won by resignation"]

1. d4 d5 2. c4 c6 3. Nf3 Nf6 4. e3 e6 5. Nc3 Nbd7 6. Be2 Bd6 7.
O-O O-O 8. c5 Bc7 9. a4 a5 10.
Bd2 e5 11. Qc2 e4 12. Ne1 h5 13. f3 Re8 14. fxe4 dxe4 15. g3 h4 16. g4 Nf8 17. h3 Ne6 18. Ng2 Ng5 19. Nf4 Bxf4 20.
exf4 Nxh3+ 21. Kg2 Nxg4 22. f5 e3 23. Bxg4 exd2 24.
Bxh3 Qg5+ 25. Kh1 Re3 26. Bg2 h3 27. Be4 Qg4 28. Rg1 Qh4 29. f6 Qxf6 30. Raf1 Qxd4 31. Bh7+ Kh8 32. Rxf7 Rxc3 33. bxc3 Qd5+ 34. Qe4 Qxf7 35. Bg6 Qf6 36. Qe8+ 1-0

[Event "Live Chess"]
[Site "Chess.com"]
[Date "2024.06.02"]
[Round "-"]
[White "yarek"]
[Black "Crowded_House"]
[Result "1-0"]
[WhiteElo "1738"]
[BlackElo "1675"]
[TimeControl "300"]
[EndTime "2:05:54 PDT"]
[Termination "yarek won by checkmate"]

1. e4 e6 2. d4 d5 3. exd5 exd5 4. Bd3 Bd6 5. c3 Ne7 6. h3 h6 7. Nf3 O-O 8. O-O Bf5 9. Be3 Re8 10. c4 c6 11. c5 Bc7 12. b4 a6 13. a4 Nd7 14.
Nc3 Nf6 15. Qc2 Bxd3 16. Qxd3 Ng6 17. b5 axb5 18. axb5 Qd7 19. b6 Bf4 20. Bxf4 Nxf4 21. Qd2 Qe7 22. Ne5 Ne6 23. f4 Nd7 24. f5 Nxe5 25.
fxe6 Qxe6 26. dxe5 Qxe5 27. Rxa8 Rxa8 28. Ne2 Qe4 29. Ng3 Qc4 30. Qf2 Rf8 31. Nf5 Qe4 32.
Nd6 Qe7 33. Re1 Qd7 34. Ra1 Rb8 35. Ra7 Kf8 36. Qf5 Qxf5 37. Nxf5 g6 38. Nd6 d4 39. Kf2 Ke7 40. Rxb7+ Rxb7 41. Nxb7 Kd7 42. Nd6 f5 43. b7 Kc7 44. Ke2 g5 45. Kd3 f4 46.
Kxd4 h5 47. Ke4 g4 48. hxg4 hxg4 49. Kxf4 g3 50. Kxg3 Kd7 51. Kf4 Kc7 52. Ke5 Kb8 53.
g4 Kc7 54. g5 Kb8 55. g6 Ka7 56. g7 Ka6 57. g8=Q Ka5 58. b8=Q Ka4 59. Qg4+ Ka3 60. Qgb4+ Ka2 61. Qa7# 1-0

[Event "Live Chess"]
[Site "Chess.com"]
[Date "2024.06.02"]
[Round "-"]
[White "juniortay"]
[Black "willc-h99"]
[Result "0-1"]
[WhiteElo "2387"]
[BlackElo "2622"]
[TimeControl "300"]
[EndTime "2:05:55 PDT"]
[Termination "willc-h99 won by checkmate"]

1. e4 c6 2. Nf3 d5 3. exd5 cxd5 4. Ne5 Nc6 5. d4 e6 6. c3 Bd6 7. f4 Nge7 8. Bd3 O-O 9. O-O Qe8 10. Rf3 f6 11. Rh3 g6 12. Nxc6 bxc6 13. Re3 Bxf4 14. Re1 Bxc1 15. Qxc1 Qf7 16. Nd2 Nf5 17. Nf3 Nd6 18.
Qd2 a5 19. Re2 Ba6 20. Rae1 Bxd3 21. Qxd3 Ne4 22. Nd2 Nxd2 23. Qxd2 Rfe8 24. Re3 e5 25.
dxe5 fxe5 26. c4 e4 27. cxd5 cxd5 28. Qd4 Rf8 29. h3 Rac8 30. R3e2 Rc4 31. Qb6 a4 32. Qd6 Rd4 33. Qe5 Rd3 34. Rc1 Re8 35. Qd6 Qa7+ 36. Kh2 Qe7 37. Qc6 Qe5+ 38. Kg1 Rf8 39. Qxa4 Rxh3 40.
Qd7 Qh2# 0-1

[Event "Live Chess"]
[Site "Chess.com"]
[Date "2024.06.02"]
[Round "-"]
[White "grillage"]
[Black "JohanKjeldahl"]
[Result "1/2-1/2"]
[WhiteElo "1866"]
[BlackElo "1817"]
[TimeControl "300"]
[EndTime "2:06:11 PDT"]
[Termination "Game drawn by stalemate"]

1. d4 Nf6 2. Nf3 c5 3. g3 e6 4. Bg2 d5 5. O-O Nc6 6. c4 dxc4 7. Na3 cxd4 8. Nxc4 Bc5 9. a3 a5 10. Qa4 O-O 11.
Bg5 h6 12. Bf4 Bd7 13. Qc2 b5 14. Nce5 Nxe5 15. Nxe5 Bb6 16. Bxa8 Qxa8 17. Nxd7 Nxd7 18. Rac1 e5 19. Bd2 f5 20. Qc6 Qxc6 21. Rxc6 Kf7 22. Rfc1 Ke7 23. e3 dxe3 24. Bxe3 Bxe3 25. fxe3 e4 26.
Rc7 Rd8 27. Rb7 Ke6 28. Rxb5 Ne5 29. Rxa5 Rd2 30. Rxe5+ Kxe5 31. Rb1 Re2 32. b4 Rxe3 33. b5 Rxa3 34. b6 Ra8 35. b7 Rb8 36. Kf2 Kd4 37. Ke2 g5 38. Rb4+ Kc5 39. Rb1 Kd4 40. Rb6 f4 41. gxf4 gxf4 42. Rb4+ Kd5 43. h4 Ke5 44. Rb5+ Kd4 45. h5 f3+ 46. Kd2 e3+ 47. Ke1 Kd3 48. Rb3+ Kd4 49. Rb4+ Kd3 50. Rb3+ Ke4 51. Rb4+ Kf5 52.
Rb5+ Kg4 53. Rb3 Kf4 54. Rb4+ Kg3 55. Rb3 e2 56. Rb6 Kg2 57. Rg6+ Kh2 58. Rg7 Kh3 59. Kf2 Kh4 60. Re7 Kg4 61. Re4+ Kf5 62. Re7 Kf6 63.
Re3 Kg5 64. Re7 Kf6 65. Re3 Rxb7 66. Rxf3+ Kg5 67. Kxe2 Kxh5 68. Rg3 Rb4 69. Kf2 Kh4 70. Rg6 h5 71. Kg2 Rg4+ 72. Rxg4+ hxg4 73. Kh2 g3+ 74. Kg2 Kg4 75. Kg1 Kf3 76. Kf1 g2+ 77. Kg1 Kg3 1/2-1/2

[Event "Live Chess"]
[Site "Chess.com"]
[Date "2024.06.02"]
[Round "-"]
[White "Bradfield133"]
[Black "AlanBstard10"]
[Result "1/2-1/2"]
[WhiteElo "1871"]
[BlackElo "1229"]
[TimeControl "300"]
[EndTime "2:06:21 PDT"]
[Termination "Game drawn - timeout vs insufficient material"]

1. c4 e5 2. g3 d6 3. Bg2 Nc6 4.
Nc3 Bd7 5. e3 Be7 6. Nge2 Nf6 7.
O-O O-O 8. h3 Qe8 9. b3 Qc8 10.
Kh2 Bd8 11. f4 exf4 12. Nxf4 Nb4 13. a3 Nc6 14. d4 Ne7 15. e4 Bc6 16. Nfd5 Nexd5 17.
exd5 Bd7 18. Bg5 h6 19. Bxf6 Bxf6 20. Rxf6 gxf6 21. Ne4 f5 22. Nf6+ Kg7 23. Nh5+ Kg8 24. Qd2 Kh7 25. Rf1 Rg8 26. Nf6+ Kg7 27. Nxg8 Qxg8 28.
Re1 Re8 29. c5 Rxe1 30. Qxe1 Qe8 31. Qf2 dxc5 32. dxc5 b6 33. b4 bxc5 34. bxc5 Bc8 35. c6 Qe5 36. Qxa7 Kf6 37. Qf2 Qc3 38. Qf4 Qe5 39.
Qxh6+ Ke7 40. Qf4 Kd6 41. h4 f6 42. h5 Qxf4 43. gxf4 Ke7 44. Kg3 Kf7 45. a4 Kg7 46. a5 Kh6 47. Kh4 Ba6 48. Bf3 Bc4 49. Kg3 Ba6 50.
Kf2 Bb5 51. Ke3 Bc4 52. Kd4 Bf1 53. Kc5 Bd3 54. d6 cxd6+ 55. Kxd6 Bb5 56. c7 Ba6 57. Kd7 Kg7 58. c8=Q Bxc8+ 59. Kxc8 Kf7 60. a6 Ke7 61. a7 Kd6 62. a8=Q Kc5 63. Qd5+ Kb4 64.
Kb7 Kc3 65. Qc5+ Kd3 66. Qd6+ Ke3 67. Qxf6 Kxf3 68. Qxf5 Kg3 69. h6 Kf3 70. h7 Ke3 71. h8=Q Kf3 72. Qe8 Kf2 73. Qg5 Kf3 1/2-1/2

[Event "Live Chess"]
[Site "Chess.com"]
[Date "2024.06.02"]
[Round "-"]
[White "A3ndrey9"]
[Black "TJ-W"]
[Result "0-1"]
[WhiteElo "1274"]
[BlackElo "1574"]
[TimeControl "300"]
[EndTime "2:06:24 PDT"]
[Termination "TJ-W won on time"]

1. Nf3 Nf6 2. d4 b6 3. c4 Bb7 4.
g3 d5 5. cxd5 Bxd5 6. Nc3 e6 7.
Nxd5 Qxd5 8. Bg2 Qa5+ 9. Bd2 Bb4 10. Bxb4 Qxb4+ 11. Qd2 Qxd2+ 12. Nxd2 c6 13. b4 O-O 14. b5 Nd5 15. bxc6 Nxc6 16. O-O Nxd4 17. e4 Nc3 18. Nf3 Nde2+ 19. Kh1 Nxe4 20. Ng1 N2c3 21. Rac1 Rac8 22. Bxe4 Nxe4 23. Kg2 f5 24. Nf3 h6 25. Ne5 g5 26.
Ng6 Rxc1 27. Rxc1 Rf7 28. Rc8+ Kg7 29. Ne5 Re7 30. Nc6 Rd7 31. Ra8 a5 32. Ra7 Rxa7 33. Nxa7 Nc3 34. Nc8 b5 35. Nd6 b4 36. Nb7 a4 37.
Nc5 Nxa2 38. Nxa4 b3 39. Kf3 Nc1 40. Ke3 e5 41. Kd2 Na2 0-1

[Event "Live Chess"]
[Site "Chess.com"]
[Date "2024.06.02"]
[Round "-"]
[White "chessgoatpawel"]
[Black "ProfessorChess101"]
[Result "0-1"]
[WhiteElo "2083"]
[BlackElo "2728"]
[TimeControl "300"]
[EndTime "2:06:39 PDT"]
[Termination "ProfessorChess101 won by resignation"]

1. e4 a6 2. d4 b5 3. Nf3 Bb7 4.
Bd3 e6 5. O-O d6 6. a4 b4 7. Bd2 a5 8. Re1 Nd7 9. Bg5 Be7 10. Qd2 h6 11. Bxe7 Nxe7 12. Qf4 Ng6 13. Qg3 e5 14. dxe5 dxe5 15. h4 O-O 16. h5 Nf4 17.
Nxe5 Nxe5 18. Qxf4 Nxd3 19. cxd3 Qxd3 20. Nd2 Rad8 21.
Nf3 c5 22. Ne5 Qd6 23. Rad1 Qc7 24. Qg3 Rfe8 25. Nd3 Qxg3 26. fxg3 Rc8 27. Nf2 Bc6 28.
b3 c4 29. bxc4 Bxa4 30. Ra1 Bc2 31. Rxa5 b3 32. Rb5 Rb8 33. Nd1 Rxb5 34. cxb5 Rb8 35. Nc3 b2 36. Kf2 Rc8 37. Nb1 Bd3 38. Ke3 Rc1 39. Kxd3 Rxe1 40. b6 Rxb1 41. b7 Rd1+ 0-1

[Event "Live Chess"]
[Site "Chess.com"]
[Date "2024.06.02"]
[Round "-"]
[White "ggosyaa"]
[Black "NAZRIZ1977"]
[Result "0-1"]
[WhiteElo "575"]
[BlackElo "2110"]
[TimeControl "300"]
[EndTime "2:06:43 PDT"]
[Termination "NAZRIZ1977 won by checkmate"]

1. d4 Nf6 2. Bf4 g6 3. e3 Bg7 4. Bd3 O-O 5. c3 d5 6. Nf3 c5 7. Nbd2 Nc6 8. O-O Nd7 9. Re1 e5 10. Bg5 f6 11. Bh4 e4 12. Nxe4 dxe4 13. Bxe4 cxd4 14.
exd4 Qa5 15. Qb3+ Kh8 16. Rad1 Nb6 17. a3 Qa4 18. Qa2 Bg4 19. Qb1 f5 20. Bc2 Qc4 21. Rd2 Rae8 22. Ng5 h6 23. Ne4 fxe4 24. Bxe4 Nd5 25. Bxg6 Rxe1+ 26. Qxe1 Nf4 27. Be4 Qf7 28.
g3 Nh3+ 29. Kg2 Bd7 30. Rd3 Ng5 31. Re3 Nxe4 32. Rxe4 Qf3+ 33. Kf1 Bh3+ 34. Kg1 Qg2# 0-1

[Event "Live Chess"]
[Site "Chess.com"]
[Date "2024.06.02"]
[Round "-"]
[White "Brooms1989"]
[Black "MagnersCarlsberg2870"]
[Result "0-1"]
[WhiteElo "1156"]
[BlackElo "1816"]
[TimeControl "300"]
[EndTime "2:07:13 PDT"]
[Termination "MagnersCarlsberg2870 won by resignation"]

1. e4 e5 2. Nc3 Nc6 3. Bc4 Nf6 4.
d3 Bc5 5. f4 d6 6. Nf3 Bg4 7.
fxe5 Nxe5 8. Rf1 Nxc4 9. dxc4 Qe7 10. Qd3 O-O-O 11. Bg5 h6 12. Bxf6 gxf6 13. O-O-O Rhe8 14. Rde1 Bb4 15. a3 Bxc3 16. bxc3 d5 17. cxd5 Qxa3+ 18. Kd2 c6 19. Rd1 cxd5 20. Ra1 Qc5 21. Rfe1 Bxf3 0-1

[Event "Live Chess"]
[Site "Chess.com"]
[Date "2024.06.02"]
[Round "-"]
[White "ProfPoisson"]
[Black "jellhhggffhjjjjjj"]
[Result "1-0"]
[WhiteElo "1333"]
[BlackElo "481"]
[TimeControl "300"]
[EndTime "2:07:29 PDT"]
[Termination "ProfPoisson won - game abandoned"]

1. e4 g6 2. f4 Bg7 3. Nf3 d6 4. Bc4 f5 5. exf5 Bxf5 6. Ng5 d5 7. Bb3 e6 8. O-O Nf6 9. Nf3 Nbd7 10. Nc3 c5 11.
Ba4 Qb6 12. Ne5 Rd8 13. Re1 O-O 14. b3 Nxe5 15. fxe5 Ne4 16. Nxe4 Bxe4 17. d3 Bf5 18. c4 dxc4 19. bxc4 Rxd3 20. Qe2 Qb4 21. Bc2 Rd7 22. Bxf5 Rfd8 23. Bxe6+ Kh8 24. Bxd7 Rxd7 25. Bf4 Rd4 26. Rab1 1-0

[Event "Live Chess"]
[Site "Chess.com"]
[Date "2024.06.02"]
[Round "-"]
[White "Queensandpawns"]
[Black "Ferrarifan27"]
[Result "1-0"]
[WhiteElo "2283"]
[BlackElo "2133"]
[TimeControl "300"]
[EndTime "2:07:37 PDT"]
[Termination "Queensandpawns won on time"]

1. e4 e5 2. d4 exd4 3. c3 dxc3 4. Bc4 cxb2 5. Bxb2 Bb4+ 6. Kf1 Nf6 7. e5 Ng8 8. Bxf7+ Kxf7 9. Qb3+ Kf8 10. Qxb4+ Qe7 11. Qd4 Nc6 12. Qf4+ Qf7 13. Qe3 Nge7 14. Nf3 d6 15. Ng5 Qc4+ 16. Ke1 Nxe5 17. Bxe5 dxe5 18. Nd2 Qd4 19. Qb3 Qd5 20. Qc3 Qxg2 21. Ndf3 Qxh1+ 22. Ke2 Qg2 23. Rg1 Qxg1 24. Nxg1 h6 25. Ne4 Bf5 26. Qxe5 Bxe4 27. Qxe4 Re8 28. Qf4+ Kg8 29. Kf1 Nd5 30. Qc4 c6 31. Nf3 Kh7 32. Qd3+ g6 33. Nh4 Re6 34. Qh3 Rhe8 35. Nf3 Kg7 36. Qg4 Rf6 37.
Qd4 Rf8 38. Nd2 Kh7 39. Ne4 Rf4 40. Qe5 R4f5 41. Qg3 Rf4 42. Qd3 Re8 43. Ng3 Ref8 44. Qd2 Rxf2+ 45. Qxf2 Rxf2+ 46. Kxf2 Nc3 47. a3 Nb5 48. Kg2 Nc3 49. Kh3 Nb1 50. a4 1-0

[Event "Live Chess"]
[Site "Chess.com"]
[Date "2024.06.02"]
[Round "-"]
[White "raimundklein"]
[Black "best137"]
[Result "0-1"]
[WhiteElo "1556"]
[BlackElo "1519"]
[TimeControl "300"]
[EndTime "2:07:43 PDT"]
[Termination "best137 won on time"]

1. e4 c6 2. Nf3 d5 3. exd5 cxd5 4. Ne5 Nf6 5. Bb5+ Bd7 6. Nxd7 Nbxd7 7. d4 a6 8. Bd3 e5 9. dxe5 Nxe5 10. Qe2 Qe7 11. O-O Nxd3 12. Qxd3 Qe4 13. Qb3 Bd6 14. Nd2 Qh4 15. Nf3 Qh5 16. Qxb7 O-O 17. Bg5 Bxh2+ 18. Nxh2 Qxg5 19. Nf3 Qh5 20. b3 Rac8 21. Rac1 Rc3 22. Qxa6 Ng4 23. Qd6 f5 24. Qxd5+ Kh8 25. Qd6 Kg8 26.
Rce1 f4 27. Qe6+ Kh8 28. Qe7 Rg8 29. Qh4 Qxh4 30. Nxh4 Rxc2 31. a4 Rcc8 32. Nf5 Rcf8 33. Nd4 h6 0-1

[Event "Live Chess"]
[Site "Chess.com"]
[Date "2024.06.02"]
[Round "-"]
[White "JanMur7"]
[Black "missedJariChance"]
[Result "1-0"]
[WhiteElo "2269"]
[BlackElo "1356"]
[TimeControl "300"]
[EndTime "2:07:45 PDT"]
[Termination "JanMur7 won by resignation"]

1. c4 e6 2. Nc3 Nf6 3. d4 d5 4.
Bg5 c5 5. e3 cxd4 6. exd4 Be7 7. Nf3 O-O 8. Bd3 Nc6 9. O-O Re8 10. cxd5 Nxd5 11. Bxe7 Ndxe7 12. Bxh7+ Kxh7 13. Ng5+ Kg8 14. Qh5 Ng6 15. Rad1 Qf6 16. d5 Nce5 17. Nce4 Qf5 18. Nd6 Qg4 19. Qxg4 Nxg4 20. Nxe8 exd5 21. Nc7 Rb8 22.
Rxd5 Be6 23. Ncxe6 fxe6 24. Nxe6 Kf7 25. Nc5 Rh8 26. h3 Nf6 27. Rd3 1-0

[Event "Live Chess"]
[Site "Chess.com"]
[Date "2024.06.02"]
[Round "-"]
[White "Dhaydon19"]
[Black "ameetghasi100"]
[Result "1/2-1/2"]
[WhiteElo "2631"]
[BlackElo "2788"]
[TimeControl "300"]
[EndTime "2:08:00 PDT"]
[Termination "Game drawn by agreement"]

1. d4 Nf6 2. c3 d6 3. Nf3 Nc6 4. g3 g6 5. Bg2 Bg7 6. O-O O-O 7. Qc2 Bf5 8. Qb3 Rb8 9. Nbd2 Qd7 10. Re1 Bh3 11.
e4 Bxg2 12. Kxg2 e5 13. dxe5 dxe5 14. Nc4 Rfe8 15. a4 Qg4 16. Qc2 Qe6 17. Ne3 h6 18. h3 Na5 19. Rb1 Nb3 20. Nd2 Nxc1 21. Rbxc1 h5 22. Nf3 Bh6 23. Rcd1 Rbd8 24. h4 Rxd1 25.
Nxd1 Rd8 26. Ne3 c6 27. b3 Ng4 28. Nc4 b5 29. axb5 cxb5 30. Na3 Qc6 31. c4 b4 32. Nb1 a5 33. Re2 Rd6 34. Nbd2 Qc5 35. Nf1 Rb6 36. N3h2 Nf6 37. Qa2 Ra6 38. Qa4 Rd6 39.
Ne3 Bxe3 40. Rxe3 Rd2 41. Rf3 Kg7 42. Nf1 Re2 43. Ne3 Ng4 44. Nd1 Rd2 45. Qe8 Qf8 46.
Qxf8+ Kxf8 47. Ne3 Nxe3+ 48. Rxe3 Ke7 49. Kf3 Ke6 50. Re2 Rd3+ 51. Re3 Rd1 52. Ke2 Rb1 53. Rd3 f5 54. exf5+ gxf5 55. c5 Rc1 56. Rd6+ Ke7 57. Rd5 Ke6 58. Rd6+ Kf7 59. Rd5 Rc3 60. c6 Rxb3 61. Rxa5 Ke6 62. Rc5 Rc3 63. Rxc3 bxc3 64. Kd3 Kd6 65. Kxc3 Kxc6 1/2-1/2

[Event "Live Chess"]
[Site "Chess.com"]
[Date "2024.06.02"]
[Round "-"]
[White "upoe610"]
[Black "TheSmoulderingMaster"]
[Result "0-1"]
[WhiteElo "2164"]
[BlackElo "1789"]
[TimeControl "300"]
[EndTime "2:08:47 PDT"]
[Termination "TheSmoulderingMaster won by resignation"]

1. c4 e5 2. g3 Nc6 3. Bg2 Nf6 4. Nc3 Be7 5. Nf3 O-O 6. O-O d6 7. d4 exd4 8. Nxd4 Bg4 9. Nxc6 bxc6 10. Bxc6 Rb8 11.
Bg2 Qd7 12. b3 Bh3 13. Re1 Bxg2 14. Kxg2 c6 15. e4 Qe6 16. Bb2 Nd7 17. Qd4 Ne5 18. f4 Ng4 19. Nd5 Bf6 20. Nxf6+ Nxf6 21. Rad1 Rbd8 22.
f5 Qe7 23. e5 dxe5 24. Qxe5 Qb7 25. Rxd8 Rxd8 26. Re2 h6 27. h3 Re8 28. Qxe8+ Nxe8 29. Rxe8+ Kh7 30. g4 Qd7 31. Re2 Qd3 32. Rf2 Qb1 33. h4 Qxa2 34. Bxg7 Qxb3 35. Bf6 Qxc4 36. Kg3 Qd3+ 37. Rf3 Qd6+ 38. Kh3 Qxf6 0-1

[Event "Live Chess"]
[Site "Chess.com"]
[Date "2024.06.02"]
[Round "-"]
[White "dmitro74"]
[Black "MasterCaptainHaddock"]
[Result "1/2-1/2"]
[WhiteElo "1707"]
[BlackElo "1808"]
[TimeControl "300"]
[EndTime "2:09:01 PDT"]
[Termination "Game drawn by repetition"]

1. d4 e6 2. c4 c5 3. d5 exd5 4. cxd5 d6 5. e4 a6 6. a4 Nf6 7. Nc3 g6 8. f4 Bg7 9. Nf3 O-O 10. Bc4 Re8 11. e5 dxe5 12. fxe5 Nfd7 13. e6 fxe6 14.
dxe6 Nb6 15. Qxd8 Rxd8 16. O-O Nxc4 17. Bg5 Re8 18. e7 h6 19. Bh4 Nc6 20. Nd5 Nxe7 21.
Bxe7 Rb8 22. Nf6+ Bxf6 23. Bxf6 Bf5 24. Rae1 Rxe1 25. Rxe1 Kf7 26. Bc3 Re8 27. Ne5+ Nxe5 28. Rxe5 Rxe5 29. Bxe5 Ke6 30. Bc3 b6 31. Kf2 Bc2 32.
a5 b5 33. Ke3 b4 34. Bg7 h5 35.
h4 Kd5 36. Kd2 Be4 37. g3 Kc4 38. Ke3 Bf5 39. Kd2 Kb5 40. Bf8 c4 41. Ke3 Kxa5 42.
Kd4 Kb5 43. Bh6 Bd3 44. Bd2 Ka4 45. Kc5 a5 46. Kb6 Kb3 47. Kxa5 Kxb2 48. Kxb4 Kc2 49. Bc3 Kd1 50. Be5 Ke2 51. Kc3 Kf3 52. Kd4 Be2 53. Kc3 Bd3 54. Kd4 Be2 55. Kc3 Bd3 1/2-1/2

[Event "Live Chess"]
[Site "Chess.com"]
[Date "2024.06.02"]
[Round "-"]
[White "LL220284LL"]
[Black "Tushinskiy"]
[Result "1-0"]
[WhiteElo "2506"]
[BlackElo "2286"]
[TimeControl "300"]
[EndTime "2:09:02 PDT"]
[Termination "LL220284LL won by resignation"]

1. g3 d5 2. Bg2 c6 3. Nf3 Nf6 4. b3 Bg4 5. Bb2 Bh5 6. O-O Nbd7 7. d3 Qc7 8. Nbd2 e5 9. Qe1 e4 10. Ng5 h6 11. Nh3 Bg6 12. Nf4 Bh7 13. dxe4 dxe4 14. e3 Bd6 15. Ne2 O-O 16. Nc4 Be7 17. a4 Rfe8 18.
a5 b5 19. axb6 axb6 20. Qc3 b5 21. Ne5 Nxe5 22. Qxe5 Bd6 23. Qc3 Be5 24. Nd4 Rac8 25. Qe1 Qb6 26. Qb1 c5 27. Ne2 Bxb2 28. Qxb2 Bf5 29.
Rfd1 Bg4 30. Rd2 c4 31. bxc4 Bxe2 32. Rxe2 Rxc4 33. Rd2 Rec8 34. Rad1 Qc7 35. Qxb5 Rxc2 36. Qe2 Rxd2 37. Qxd2 Qc2 38. Qxc2 Rxc2 39. h3 g6 40. Bf1 Kg7 41. Kg2 Ne8 42. Rd8 Nc7 43. Rc8 Rc5 44.
Be2 Ne6 45. Ra8 Rc2 46. Bg4 f5 47. Bd1 Rd2 48. Bb3 Nc5 49. Ra7+ Kf6 50. Rf7+ Ke5 51. Bc4 Rc2 52. Bb5 Rb2 53. Bc4 Na4 54. Re7+ Kd6 55.
Re6+ Kc5 56. Bf1 Nc3 57. Rxg6 Nd1 58. Rxh6 Rxf2+ 59. Kg1 Rb2 60. Rh8 Nxe3 61. Rc8+ Kd6 62. Rc1 Ke5 63. h4 f4 64. gxf4+ Kxf4 65. h5 Ng4 66. Bh3 Nf2 67. Rf1 Kg3 68. Bg2 e3 69. h6 Ng4 70. Rf3+ Kh4 71. h7 Rb8 72. Rh3+ Kg5 73. h8=Q Rb1+ 74. Bf1 e2 75. Qg7+ Kf4 76. Qd4+ Kg5 77. Qd5+ Kf6 78. Qf3+ Kg5 79. Qd5+ Kf6 80. Rf3+ Kg7 81. Qg5+ Kh8 82. Rh3+ 1-0